 Dungeon Crawl Stone Soup version 0.28-a0-773-g130ae17fe5 (webtiles) character file.

Game seed: 5729574010906778423

18907 Pooter the Grappler (level 12, -5/118 HPs)
             Began as a Troll Monk on Nov 1, 2021.
             Was an Elder of Okawaru.
             Slain by a four-headed hydra (8 damage)
             ... on level 1 of the Lair of Beasts on Nov 2, 2021.
             The game lasted 01:55:06 (11650 turns).

Pooter the Grappler (Troll Monk)                   Turns: 11650, Time: 01:55:06

Health: -5/118     AC: 11    Str: 26    XL:     12   Next: 31%
Magic:  14/14      EV: 11    Int:  6    God:    Okawaru [****..]
Gold:   155        SH:  6    Dex: 14    Spells: 11/11 levels left

rFire   . . .      SeeInvis .   Y - +2 spear (vorpal)
rCold   . . .      Faith    .   X - +0 kite shield of Mobamizy {rElec}
rNeg    . . .      Spirit   .   w - quicksilver dragon scales
rPois   +          Reflect  .   (helmet restricted)
rElec   +          Harm     .   l - scarf {repulsion}
rCorr   .          Rampage  .   (gloves unavailable)
Will    +....                   (boots unavailable)
Stlth   +.........              (no amulet)
HPRegen 1.29/turn               f - +4 ring of evasion
MPRegen 0.14/turn               P - ring of poison resistance

@: on berserk cooldown, slowed, repel missiles, very slow
A: large, unfitting armour, claws 3, regeneration 1, shaggy fur 1, tough skin 1,
antennae 1, agile 1
a: Renounce Religion, Heroism, Finesse


You were on level 1 of the Lair of Beasts.
You worshipped Okawaru.
Okawaru was greatly pleased with you.
You visited 4 branches of the dungeon, and saw 15 of its levels.

You collected 700 gold pieces.
You spent 545 gold pieces at shops.

Inventory:

Hand Weapons
 b - a +0 hand crossbow
   (You bought it in a shop on level 3 of the Dungeon)
 D - a +0 broad axe
   (You found it on level 6 of the Dungeon)
 K - a +2 short sword of holy wrath
   (You took it off an orc on level 9 of the Dungeon)
 L - a +0 spear of freezing
   (You took it off a gnoll sergeant on level 9 of the Dungeon)
 U - a +5 halberd
   (You took it off a wight on level 7 of the Dungeon)
 Y - a +2 vorpal spear (weapon)
   (You took it off a gnoll sergeant on level 9 of the Dungeon)
Missiles
 d - a curare-tipped dart
 k - 53 poisoned darts (quivered)
 o - 9 sling bullets
 t - 195 stones
 x - 8 large rocks
 A - a throwing net {!f}
 M - 5 boomerangs of dispersal {!f}
 Q - 59 bolts
 S - 5 datura-tipped darts
 T - 6 boomerangs
 V - 3 silver boomerangs
Armour
 a - a +0 robe
 l - a scarf of repulsion (worn)
   (You found it on level 2 of the Dungeon)
 w - quicksilver dragon scales (worn)
   (Okawaru gifted it to you on level 11 of the Dungeon)
 H - +0 steam dragon scales
   (You took it off Maggie on level 8 of the Dungeon)
 N - a +2 kite shield
   (You took it off a gnoll sergeant on level 9 of the Dungeon)
 O - a +0 troll leather armour
   (You found it on level 9 of the Dungeon)
 X - the +0 kite shield of Mobamizy (worn) {rElec}
   (You acquired it on level 1 of the Lair of Beasts)

   rElec:     It insulates you from electricity.
Jewellery
 f - a +4 ring of evasion (left claw)
   (You found it on level 1 of the Dungeon)
 G - a +4 ring of evasion
   (You found it on level 7 of the Dungeon)
 I - a ring of protection from cold
   (You found it on level 10 of the Dungeon)
 P - a ring of poison resistance (right claw)
   (You found it on level 3 of the Dungeon)
 W - a ring of protection from cold
   (You found it on level 1 of the Lair of Beasts)
Wands
 u - a wand of paralysis (16)
   (You found it on level 8 of the Dungeon)
 J - a wand of mindburst (2)
   (You found it on level 4 of the Dungeon)
Scrolls
 h - a scroll of immolation {!r}
 i - 2 scrolls of fog
 r - a scroll of magic mapping
 s - 2 scrolls of noise {!r}
 y - 2 scrolls of vulnerability {!r}
 z - a scroll of fear
 C - a scroll of amnesia
Potions
 g - 7 potions of heal wounds {@q2}
 m - 2 potions of attraction {!q}
 n - 7 potions of brilliance
 p - 2 potions of mutation {!q}
 v - a potion of haste {@q3}
 B - a potion of flight
 E - 4 potions of lignification {!q}
 F - 4 potions of curing {@q1}
 R - a potion of ambrosia


   Skills:
 + Level 7.0 Fighting
 * Level 7.1 Crossbows
 + Level 5.9 Throwing
 - Level 4.1 Dodging
 - Level 1.0 Stealth
 * Level 11.5 Unarmed Combat
 + Level 4.9 Invocations
 + Level 5.2 Evocations


You had 11 spell levels left.
You didn't know any spells.
Your spell library was empty.

Dungeon Overview and Level Annotations

Branches:
Dungeon (11/15)            Temple (1/1) D:7            Lair (1/6) D:11
    Orc (2/2) D:9
    Elf: Orc:2

Altars:
Ashenzari
Cheibriados
Dithmenos
Elyvilon
Fedhas
Gozag
Hepliaklqana
Kikubaaqudgha
Makhleb
Nemelex Xobeh
Okawaru
Qazlal
Sif Muna
Vehumet
Wu Jian
Xom
Yredelemnul
Zin
The Shining One

Shops:
D:3 (   D:6 !

Annotations:
Orc:1 2 runed translucent doors, Gearog's ghost, journeyman FoFi


Innate Abilities, Weirdness & Mutations

You are too large for most types of armour.
You have claws for hands.
Your natural rate of healing is unusually fast.
You are covered in fur. (AC +1)
You have tough skin. (AC +1)
You have a pair of small antennae on your head.
You are agile. (Dex +2)


Message History

You miss the blink frog.
You are no longer berserk.
You are exhausted.
You feel yourself slow down. The wolf barely misses you.
The blink frog barely misses you.
The four-headed hydra barely misses you.
The four-headed hydra closely misses you.
The four-headed hydra bites you! The four-headed hydra misses you.
Y - a +2 vorpal spear (weapon)
You block the wolf's attack. You block the blink frog's attack.
Okay, then.
You hit the four-headed hydra. The wolf bites you. x2
The blink frog hits you!
* * * LOW HITPOINT WARNING * * *
You block the four-headed hydra's attack.
The four-headed hydra bites you but does no damage.
The four-headed hydra closely misses you.
The four-headed hydra bites you but does no damage.
The wolf bites you!
* * * LOW HITPOINT WARNING * * *
The blink frog hits you but does no damage.
The four-headed hydra closely misses you.
The four-headed hydra misses you.
The four-headed hydra completely misses you.
The four-headed hydra bites you but does no damage.
You block the wolf's attack.
The blink frog blinks!
The four-headed hydra bites you but does no damage.
The four-headed hydra closely misses you.
The four-headed hydra bites you!
* * * LOW HITPOINT WARNING * * *
The four-headed hydra closely misses you.
You hit the four-headed hydra. The wolf bites you.
* * * LOW HITPOINT WARNING * * *
The blink frog barely misses you. You block the wolf's attack.
The four-headed hydra bites you.
* * * LOW HITPOINT WARNING * * *
You block the four-headed hydra's attack.
The four-headed hydra bites you but does no damage.
The four-headed hydra bites you!
* * * LOW HITPOINT WARNING * * *
The blink frog hits you but does no damage.
The wolf bites you.
* * * LOW HITPOINT WARNING * * *
The four-headed hydra bites you.
* * * LOW HITPOINT WARNING * * *
The four-headed hydra bites you!
* * * LOW HITPOINT WARNING * * *
The four-headed hydra closely misses you.
The four-headed hydra bites you!
You die...

...............##### #..^##.#..
............#.####.# ##..######
...........##.8.#.######.........
...........................P#####
...........#8.>.8#.........## ###
...........#.....######.#...###.#
...........##....# ###........
.....##....#...### #........
...#.....#....Fh@# .....#......
....#####.#.#..F#D# ......#.#####
..+.........#...ยง.# ........#
..#...8.....#.8.#.+ ..8.....#
............#.....# !.......#
..#.####.. ........ ...##...#
..##.. ..# #.....#.# ..# ###.#
.##+.#..# ..# ...


You could see a four-headed hydra, a blink frog, a wolf and a bullfrog.

Vanquished Creatures
  4 two-headed ogres
  A deep elf pyromancer (D:9)
  A cyclops (D:9)
  2 black mambas (Lair:1)
  Maggie (D:8)
  A komodo dragon (Lair:1)
  3 kobold demonologists
  6 trolls
  A hornet (D:9)
  2 blink frogs (Lair:1)
  A shadow (D:10)
  A wyvern (D:10)
  21 yaks
  A steam dragon (D:7)
  8 wargs
  Menkaure (D:4)
  2 water moccasins (Lair:1)
  3 hell hounds (D:9)
  2 ice beasts
  Pargi (D:3)
  9 orc warriors
  A sky beast (D:7)
  A black bear (D:6)
  2 necrophages
  3 ogres
  12 wolves (Lair:1)
  A centaur (D:7)
  A phantom (D:6)
  2 kobold brigands
  A wyvern zombie (D:7)
  2 bullfrogs (D:8)
  6 gnoll sergeants (D:9)
  A water moccasin zombie (D:5)
  9 killer bees
  2 water moccasin skeletons
  The ghost of willcat the Sneak, a weakling DsDe (D:6)
  10 wights (D:7)
  10 howler monkeys
  A bullfrog zombie (D:7)
  5 centaur zombies
  6 hounds
  5 orc priests
  A centaur skeleton (D:7)
  6 gnoll shamans
  3 jellies
  Jessica (D:3)
  An iguana (D:5)
  13 orc wizards
  Natasha (D:3)
  A killer bee zombie (D:7)
  A hound skeleton (D:4)
  6 gnolls
  4 adders
  2 shadow imps
  2 white imps
  4 ufetubi
  4 worms
  2 dart slugs
  27 orcs
  8 endoplasms
  3 giant cockroaches (D:2)
  3 goblins
  5 hobgoblins
  3 quokkas
  3 ball pythons
  7 bats
  3 frilled lizards
  12 kobolds
  4 rats
284 creatures vanquished.

Vanquished Creatures (others)
  A plant (D:9)
1 creature vanquished.

Grand Total: 285 creatures vanquished

Notes
Turn   | Place    | Note
-------+----------+-------------------------------------------
     0 | D:1      | Pooter the Troll Monk began the quest for the Orb.
     0 | D:1      | Reached XP level 1. HP: 22/22 MP: 0/0
   329 | D:1      | Reached XP level 2. HP: 18/29 MP: 1/1
  1110 | D:2      | Reached XP level 3. HP: 36/36 MP: 2/2
  1751 | D:3      | Noticed Pargi
  1755 | D:3      | Noticed Jessica
  1774 | D:3      | Killed Pargi
  1775 | D:3      | Reached skill level 4 in Unarmed Combat
  1775 | D:3      | Reached XP level 4. HP: 23/45 MP: 3/3
  1775 | D:3      | Reached XP level 5. HP: 27/53 MP: 4/4
  1943 | D:3      | Killed Jessica
  2018 | D:3      | Found Vanoed's Weapon Shop.
  2030 | D:3      | Reached skill level 5 in Unarmed Combat
  2037 | D:3      | Bought a +0 hand crossbow for 38 gold pieces
  2361 | D:3      | Noticed Natasha
  2378 | D:3      | Killed Natasha
  2379 | D:3      | Reached XP level 6. HP: 47/61 MP: 5/5
  2791 | D:4      | Found a large runed translucent door.
  2809 | D:4      | Found a large runed translucent door.
  2819 | D:4      | Found a burning altar of Makhleb.
  2834 | D:4      | Found a stormy altar of Qazlal.
  2879 | D:4      | Reached skill level 1 in Crossbows
  3022 | D:4      | Found a snail-covered altar of Cheibriados.
  3268 | D:4      | Noticed Menkaure
  3276 | D:4      | Killed Menkaure
  3277 | D:4      | Reached XP level 7. HP: 38/68 MP: 6/6
  3576 | D:5      | Entered Level 5 of the Dungeon
  3691 | D:5      | Reached skill level 6 in Unarmed Combat
  3727 | D:5      | Reached skill level 1 in Evocations
  4183 | D:5      | Reached XP level 8. HP: 60/78 MP: 7/7
  4207 | D:5      | Found a basalt altar of Yredelemnul.
  4261 | D:6      | Found a shadowy altar of Dithmenos.
  4324 | D:6      | Reached skill level 1 in Throwing
  4409 | D:6      | Found a runed translucent gate.
  4410 | D:6      | Found a runed translucent gate.
  4410 | D:6      | Found a runed translucent gate.
  4411 | D:6      | Noticed willcat's ghost (weakling DsDe)
  4464 | D:6      | Reached skill level 7 in Unarmed Combat
  4476 | D:6      | Killed willcat's ghost
  4567 | D:6      | Found Myenaywa's Distillery.
  4579 | D:6      | Bought 2 potions of curing for 78 gold pieces
  4579 | D:6      | Bought a potion of degeneration for 13 gold pieces
  4579 | D:6      | Bought a potion of heal wounds for 65 gold pieces
  4787 | D:6      | Found an opulent altar of Gozag.
  4823 | D:6      | Found a blossoming altar of Fedhas.
  4848 | D:7      | Found a staircase to the Ecumenical Temple.
  4871 | Temple   | Entered the Ecumenical Temple
  5019 | Temple   | Became a worshipper of Warmaster Okawaru
  5019 | Temple   | Reached * piety under Okawaru
  5019 | Temple   | Reached ** piety under Okawaru
  5226 | D:7      | Reached XP level 9. HP: 76/85 MP: 5/8
  5685 | D:7      | Reached skill level 8 in Unarmed Combat
  5713 | D:7      | Reached skill level 5 in Fighting
  5770 | D:7      | Reached *** piety under Okawaru
  6094 | D:8      | Noticed Maggie
  6103 | D:8      | Killed Maggie
  6158 | D:8      | Reached skill level 1 in Invocations
  6547 | D:8      | Reached XP level 10. HP: 96/96 MP: 7/10
  6567 | D:8      | Reached **** piety under Okawaru
  6621 | D:9      | Reached skill level 9 in Unarmed Combat
  6694 | D:9      | Reached skill level 5 in Crossbows
  7049 | D:9      | Noticed a two-headed ogre
  7119 | D:8      | Killed a two-headed ogre
  7300 | D:9      | Noticed a two-headed ogre
  7309 | D:9      | Reached XP level 11. HP: 96/105 MP: 9/12
  7388 | D:9      | Found a shimmering blue altar of Sif Muna.
  7608 | D:9      | Killed a two-headed ogre
  7608 | D:9      | Reached ***** piety under Okawaru
  7608 | D:9      | Received a gift from Okawaru
  7609 | D:9      | Reached skill level 10 in Unarmed Combat
  7620 | D:9      | Found a staircase to the Orcish Mines.
  7627 | Orc:1    | Entered Level 1 of the Orcish Mines
  7773 | Orc:1    | Found a large runed translucent door.
  7773 | Orc:1    | Found a large runed translucent door.
  7774 | Orc:1    | Noticed Gearog's ghost (journeyman FoFi)
  7864 | Orc:2    | Entered Level 2 of the Orcish Mines
  8187 | D:9      | Noticed a deep elf pyromancer
  8205 | D:9      | Killed a deep elf pyromancer
  8476 | D:9      | Received a gift from Okawaru
  8477 | D:9      | Reached skill level 5 in Throwing
  8887 | D:10     | Entered Level 10 of the Dungeon
  8907 | D:10     | Noticed a two-headed ogre
  8933 | D:9      | Killed a two-headed ogre
  9288 | D:6      | Bought 2 potions of curing for 78 gold pieces
  9288 | D:6      | Bought a potion of heal wounds for 65 gold pieces
  9288 | D:6      | Bought 2 potions of heal wounds for 130 gold pieces
  9288 | D:6      | Bought a potion of curing for 39 gold pieces
  9791 | D:10     | Received a gift from Okawaru
  9932 | D:10     | Found a sparkling altar of Nemelex Xobeh.
 10193 | D:11     | Noticed a two-headed ogre
 10200 | D:11     | Reached skill level 11 in Unarmed Combat
 10205 | D:11     | Killed a two-headed ogre
 10244 | D:11     | Received a gift from Okawaru
 10245 | D:11     | Reached XP level 12. HP: 115/115 MP: 14/14
 10274 | D:11     | Found a staircase to the Lair.
 10283 | Lair:1   | Entered Level 1 of the Lair of Beasts
 10363 | Lair:1   | Reached skill level 5 in Evocations
 10895 | D:6      | Bought a potion of lignification for 39 gold pieces
 11125 | Lair:1   | Gained mutation: You have a pair of small antennae on your
                  | head. [potion of mutation]
 11125 | Lair:1   | Gained mutation: You are agile. (Dex +2) [potion of
                  | mutation]
 11160 | Lair:1   | Identified a scroll of acquirement
 11160 | Lair:1   | Acquired the +0 kite shield of Mobamizy {rElec}
 11633 | Lair:1   | Noticed a four-headed hydra
 11650 | Lair:1   | HP: 3/118 [four-headed hydra (8)]
 11650 | Lair:1   | Slain by a four-headed hydra

Illustrated notes

Levels and vault maps discovered:
D:1:      sevenhm_arrival_forest_fort_small_6, layout_loops_corners,
          kennysheep_pointless_box
D:2:      layout_loops_ring
D:3:      layout_basic, serial_shops, shop, uniq_natasha, uniq_jessica,
          uniq_pargi
D:4:      layout_basic, slow_altar_1, jmf_multi_god_temple2,
          nicolae_zen_rock_garden, uniq_menkaure
D:5:      layout_basic, lemuel_tele_altar, kennysheep_generic_room_11
D:6:      layout_rooms, mainiacjoe_overflow_six_doors_small,
          mainiacjoe_overflow_surrounded_room, mainiacjoe_overflow_paths,
          serial_shops, shop, ebering_ghost_rock_garden
D:7:      layout_loops_ring, temple_pool_b
D:8:      layout_rooms, minivault_26, kennysheep_generic_room_15, uniq_maggie
D:9:      lemuel_castle_with_subvaults [lemuel_castle_interior_carwin_2],
          layout_irregular_city, led_sif_book, orc_0_dummy
D:10:     layout_basic, kennysheep_mini
D:11:     layout_grid_maze, lair_entry_dummy, minmay_misc_feat_nine_boxes,
          evilmike_minifort
Temple:   nicolae_temple_figure_eight
Lair:1:   beast_lair_carwin_large_2, layout_gridlike, grunt_megastairs_1,
          lemuel_fruit_fields
Orc:1:    layout_diamond_mine, ebering_ghost_disaster_area,
          guppyfry_library_mini, uniq_josephine, uniq_maurice
Orc:2:    st_orc_rangers, layout_caves, serial_shops, nicolae_shop_stone

Skill      XL: |  1  2  3  4  5  6  7  8  9 10 11 12 |
---------------+-------------------------------------+-----
Fighting       | 3 4 5 6 7 |  7.0
Dodging        | 3 4 |  4.1
Unarmed Combat | 4 5 6 7 8 9 11 | 11.5
Crossbows      | 1 2 3 4 5 6 7 |  7.1
Evocations     | 1 2 3 4 5 |  5.2
Throwing       | 2 3 4 5 |  5.9
Invocations    | 1 3 4 |  4.9
Stealth        | |  1.0

Action                   |  1- 3 |  4- 6 |  7- 9 | 10-12 || total
-------------------------+-------+-------+-------+-------++-------
Melee: Unarmed           |    96 |    96 |   197 |   299 ||   688
       Punch             |       |       |     5 |    11 ||    16
       Broad axe         |       |       |     2 |       ||     2
       Spear             |       |       |       |     2 ||     2
 Fire: Hand crossbow     |       |    12 |    98 |   181 ||   291
Throw: Stone             |    26 |    14 |       |       ||    40
       Dart              |     8 |    13 |       |     4 ||    25
       Large rock        |       |       |    14 |     4 ||    18
Invok: Heroism           |       |       |     9 |    48 ||    57
       Finesse           |       |       |       |     1 ||     1
Evoke: Wand              |       |     3 |    13 |    14 ||    30
  Use: Scroll            |     5 |     4 |     4 |     7 ||    20
       Potion            |       |     1 |       |     5 ||     6
 Stab: Sleeping          |     7 |     1 |     1 |     1 ||    10
       Paralysed         |       |       |     2 |     1 ||     3
Armor: Robe              |    29 |    27 |    30 |       ||    86
       Steam dragon scal |       |       |     3 |    21 ||    24
       Troll leather arm |       |       |       |    13 ||    13
       Quicksilver drago |       |       |       |    37 ||    37
Dodge: Dodged            |    64 |    63 |   209 |   324 ||   660
Block: Kite shield       |       |       |       |    96 ||    96

Table legend: (Time is in decaauts)
 A = Elapsed time spent in this place.
 B = Non-inter-level travel time spent in this place.
 C = Inter-level travel time spent in this place.
 D = Time resting spent in this place.
 E = Time spent auto-exploring this place.
 F = Levels seen in this place.
 G = Mean time per level.
                   A        B        C        D        E       F      G
               +--------+--------+--------+--------+--------+-----+--------+
         Total |  11584 |  10544 |   1040 |    946 |   5990 |  15 |  772.3 |
       Dungeon |  10180 |   9258 |    922 |    684 |   5397 |  11 |  925.5 |
        Temple |    169 |    149 |     20 |      0 |    143 |   1 |  169.0 |
          Lair |    846 |    748 |     98 |    162 |    385 |   1 |  846.0 |
  Orcish Mines |    387 |    387 |      0 |    100 |     65 |   2 |  193.5 |
               +--------+--------+--------+--------+--------+-----+--------+

Top non-repeatable levels by time:
     D:9: 2066 daAuts
     D:3: 1137 daAuts
     D:7: 1036 daAuts
     D:1: 991 daAuts
    D:10: 985 daAuts
  Lair:1: 846 daAuts
     D:4: 808 daAuts
     D:6: 713 daAuts
     D:8: 685 daAuts
     D:5: 676 daAuts
     D:2: 652 daAuts
    D:11: 426 daAuts
   Orc:1: 347 daAuts
  Temple: 169 daAuts
   Orc:2: 40 daAuts
